AoeStats
← Rearte7

Black Forest

510356637Analyzed
4v4 RM · 2d ago on Sep 30, 2026· 49m 21s· 8 players
Game mode
Random Map
Map size
Large (8 player)
Population
200
Speed
Normal
Resources
Standard
Victory
Conquest
Starting age
Dark Age
Ending age
Imperial Age
RankedLock teamsTeams togetherTeam positionsShared explorationLock speedFull tech treeHidden civsTurbo modeCheats
Victory
Defeat
🇷🇺 Varangians · Russia
992
+12
🇷🇺 Jurchens · Russia
958
+14
🇩🇪 Magyars · Germany
891
+17
🇷🇺 Portuguese · Russia
814
+20
🇧🇷 Gurjaras · Brazil
919
-16
🇪🇸 Turks · Spain
910
-16
🇦🇷 Byzantines · Argentina
909
-16
🇦🇷 Slavs · Argentina
887
-15
Rearte7
11:04 Feudal Age
9:20 Loom
12:55 Horse Collar
17:23 Double-Bit Axe
21:14 Castle Age
19:38 Gold Mining
20:42 Fishing Lines
22:57 Wheelbarrow
22:09 Town Watch
23:01 Fervor
23:08 Bow Saw
25:32 Heavy Plow
26:51 Gillnets
31:51 Stone Mining
35:14 Imperial Age
33:12 Hand Cart
33:36 Stone Shaft Mining
33:37 Gold Shaft Mining
33:38 Scale Barding Armor
33:44 Forging
33:25 Fletching
33:39 Husbandry
33:53 Bloodlines
34:04 Treadmill Crane
34:36 Masonry
35:40 Town Watch
35:19 Heavy Camel Rider
36:09 Kshatriyas
36:25 Frontier Guards
36:26 Conscription
36:42 Crop Rotation
39:36 Chemistry
38:57 Ballistics
39:07 Architecture
38:33 Murder Holes
40:32 Chain Barding Armor
40:48 Iron Casting
40:08 Bodkin Arrow
42:11 Plate Barding Armor
43:23 Bodkin Arrow
45:24 Bracer
47:36 Light Cavalry
Nasa
0:40 Loom
20:05 Feudal Age
21:49 Man-at-Arms
33:00 Double-Bit Axe
32:59 Horse Collar
36:55 Scale Barding Armor
37:01 Forging
39:05 Castle Age
39:52 Husbandry
41:52 Chain Barding Armor
42:08 Iron Casting
DavinHo_Abascal_
0:57 Loom
23:09 Feudal Age
23:12 Man-at-Arms
28:36 Double-Bit Axe
30:56 Wheelbarrow
32:56 Castle Age
30:54 Gold Mining
32:40 Fletching
32:52 Padded Archer Armor
33:10 Scale Mail Armor
33:21 Forging
34:36 Bodkin Arrow
36:52 Murder Holes
42:13 Imperial Age
45:13 Artillery
46:56 Bow Saw
47:35 Caravan
nachomoroni
0:52 Loom
12:33 Feudal Age
15:01 Double-Bit Axe
22:58 Forging
22:55 Scale Barding Armor
26:14 Castle Age
25:53 Bloodlines
26:26 Gold Mining
26:30 Fletching
27:18 Bow Saw
27:31 Husbandry
29:23 Fishing Lines
30:46 Iron Casting
30:32 Chain Barding Armor
33:04 Ballistics
35:24 Imperial Age
34:52 Wheelbarrow
34:24 Pikeman
35:05 Squires
36:23 Gold Shaft Mining
36:03 Caravan
36:31 Conscription
37:25 Blast Furnace
38:46 Chemistry
38:34 Plate Barding Armor
38:57 Gillnets
39:04 Gillnets
38:40 Halberdier
39:24 Scale Mail Armor
39:23 Cavalier
IT-babka
0:45 Loom
28:07 Feudal Age
34:36 Double-Bit Axe
40:12 Fishing Lines
40:42 Horse Collar
45:49 Castle Age
44:00 Stone Mining
44:24 Gold Mining
45:34 Fletching
46:14 Pikeman
46:54 Squires
47:34 Bow Saw
47:18 Gambesons
49:21 Pikeman
KOMMEPCAHT
1:15 Loom
13:30 Feudal Age
14:45 Double-Bit Axe
17:41 Castle Age
18:32 Wheelbarrow
26:11 Husbandry
27:38 Forging
27:57 Bloodlines
29:08 Bow Saw
28:41 Horse Collar
30:53 Hand Cart
30:43 Scale Mail Armor
30:49 Scale Barding Armor
31:21 Iron Casting
31:50 Gold Mining
31:51 Stone Mining
32:26 Heavy Plow
32:18 Vendel Legacy
33:36 Fishing Lines
37:55 Imperial Age
36:46 Chain Barding Armor
36:20 Fletching
36:31 Padded Archer Armor
38:28 Ballistics
38:18 Fortified Wall
38:01 Gothikon
39:02 Conscription
39:38 Plate Barding Armor
40:05 Blast Furnace
39:00 Bodkin Arrow
39:21 Leather Archer Armor
38:34 Cavalier
38:59 Capped Ram
40:56 Chemistry
40:01 Siege Engineers
39:52 Murder Holes
39:38 Treadmill Crane
41:22 Siege Ram
42:06 Elite Jarl
48:28 Onager
50:26 Ring Archer Armor
49:56 Bracer
Adment_Vk
0:45 Loom
14:12 Feudal Age
18:23 Double-Bit Axe
20:46 Castle Age
18:32 Horse Collar
23:28 Bow Saw
25:07 Horse Collar
26:21 Heavy Plow
28:09 Wheelbarrow
29:40 Hand Cart
33:57 Imperial Age
32:46 Ballistics
33:00 Caravan
34:51 Siege Engineers
34:23 Pikeman
36:11 Two-Man Saw
36:02 Crop Rotation
35:05 Halberdier
37:16 Chemistry
37:10 Forging
37:01 Scale Mail Armor
36:52 Arson
37:11 Treadmill Crane
40:04 Iron Casting
39:44 Chain Mail Armor
40:19 Conscription
40:02 Arquebus
43:03 Blast Furnace
42:35 Plate Mail Armor
46:24 Elite Organ Gun
Mistăr
0:43 Loom
21:15 Feudal Age
22:24 Horse Collar
22:31 Double-Bit Axe
23:17 Bloodlines
28:59 Castle Age
31:55 Fletching
32:25 Husbandry
32:13 Fishing Lines
32:46 Bow Saw
34:04 Corvinian Army
36:45 Imperial Age
34:30 Bodkin Arrow
36:47 Heavy Plow
40:06 Wheelbarrow
40:24 Gold Mining
41:09 Conscription
43:59 Thumb Ring
44:28 Parthian Tactics
45:10 Recurve Bow
45:19 Scale Mail Armor
45:24 Heavy Cavalry Archer
46:07 Padded Archer Armor
47:34 Bracer
47:45 Arson
49:20 Chemistry
48:41 Ballistics
48:45 Hand Cart
49:20 Scale Barding Armor
50:13 Gold Shaft Mining
Connection lost

Rejoining the realm…

Still unreachable

The connection could not be restored.

Session expired

The server has moved on; the page needs a fresh start.